TAMPA BAY vs MONTREAL

Created - June 24, 2021 at 10:33

Goals
1 2 3 T
TAMPA BAY 3 1 1 5
MONTREAL 1 1 1 3
Shots
1 2 3 T
TAMPA BAY 13 9 7 29
MONTREAL 13 9 9 31

1st period

1. MONTREAL , Nathan MacKinnon 1 (P.K. Subban 5, Max Pacioretty 1) at 6:58
2. TAMPA BAY , Robby Fabbri 1 (MacKenzie Weegar 1, Jake Virtanen 1) at 13:13
3. TAMPA BAY , Filip Forsberg 4 (MacKenzie Weegar 2, Sebastian Aho 4) at 14:59 (PP)
4. TAMPA BAY , Rasmus Andersson 1 (Zach Werenski 4, Tomas Tatar 1) at 17:23 (PP)

Penalties :
P.K. Subban (MON) for Tripping (Minor) at 13:24, Joel Armia (MON) for Tripping (Minor) at 16:08

2nd period

5. MONTREAL , Michael Grabner 2 (Connor Murphy 3, Mark Jankowski 2) at 6:05
6. TAMPA BAY , Filip Forsberg 5 (Sebastian Aho 5, Nick Leddy 4) at 8:44

Penalties :
Mathew Barzal (TB ) for Holding (Minor) at 0:29, Nathan Beaulieu (MON) for Hooking (Minor) at 2:49, P.K. Subban (MON) for Cross-checking (Minor) at 13:39

3rd period

7. TAMPA BAY , Elias Lindholm 2 (John Klingberg 5, Zach Werenski 5) at 6:50
8. MONTREAL , Phillip Danault 3 (Alex Iafallo 2, P.K. Subban 6) at 8:30

Penalties :
MacKenzie Weegar (TB ) for Holding (Minor) at 15:16

Goalie Stats

Mike Smith (TB ), 28 saves from 31 shots - (0.903), W, 3-1-0, 60:00 minutes
Robin Lehner (MON), 24 saves from 29 shots - (0.828), L, 1-2-1, 60:00 minutes

Players Stats for TAMPA BAY

Player Name              G  A  P  +/- PIM S  H  SB GA TA FO     MP     PP MP  PK MP  
------------------------------------------------------------------------------------
Elias Lindholm           1  0  1   2  0   4  1  0  0  0  17/28  21:03   3:02   3:05 
Filip Chytil             0  0  0  -1  0   0  0  0  0  0  7/13   12:53   0:00   0:00 
Filip Forsberg           2  0  2   2  0   3  1  1  0  0  0/0    19:51   3:22   1:33 
Jake Virtanen            0  1  1  -1  0   1  0  0  0  0  0/0     7:44   0:00   0:00 
Jakob Silfverberg        0  0  0   0  0   2  0  1  0  0  0/0    19:32   3:26   2:25 
Jesper Bratt             0  0  0  -1  0   1  2  0  0  0  0/0    12:53   0:00   0:00 
John Klingberg           0  1  1   0  0   3  1  0  0  0  0/0    22:18   2:50   2:29 
MacKenzie Weegar         0  2  2   0  2   0  2  0  0  0  0/0    19:55   3:32   0:00 
Mathew Barzal            0  0  0   0  2   3  1  0  0  0  10/24  17:16   3:26   0:10 
Nick Leddy               0  1  1   0  0   0  4  2  0  0  0/0    20:52   3:32   1:29 
Rasmus Andersson         1  0  1   0  0   1  1  3  0  0  0/0    16:17   0:26   0:00 
Robby Fabbri             1  0  1  -1  0   1  0  0  0  0  4/10    8:27   0:00   0:43 
Sebastian Aho            0  2  2   2  0   3  1  0  0  0  1/4    18:18   3:22   0:00 
Tomas Tatar              0  1  1   0  0   3  1  0  0  0  1/1    17:07   3:26   0:00 
Viktor Arvidsson         0  0  0  -1  0   1  3  0  0  0  2/4    13:13   0:20   0:00 
Vladislav Gavrikov       0  0  0   0  0   0  2  0  0  0  0/0    17:53   0:00   1:29 
Wayne Simmonds           0  0  0  -1  0   3  0  0  0  0  0/1     7:44   0:00   0:00 
Zach Werenski            0  2  2   0  0   0  2  1  0  0  0/0    22:44   3:16   2:29 

Players Stats for MONTREAL

Player Name              G  A  P  +/- PIM S  H  SB GA TA FO     MP     PP MP  PK MP  
------------------------------------------------------------------------------------
Adam Larsson             0  0  0  -1  0   0  5  3  0  0  0/0    19:25   0:00   3:23 
Alex Iafallo             0  1  1   0  0   4  3  0  0  0  0/0    18:06   1:36   0:00 
Brock McGinn             0  0  0   0  0   0  0  0  0  0  0/0     5:01   0:00   5:01 
Connor Murphy            0  1  1   2  0   1  2  1  0  0  0/0    25:10   2:15   3:43 
Corey Perry              0  0  0   0  0   1  0  0  0  0  0/0     5:19   0:00   0:00 
Joel Armia               0  0  0  -1  2   1  1  0  0  0  1/1    14:31   0:00   1:35 
Keith Yandle             0  0  0  -1  0   1  0  0  0  0  0/0    20:30   2:15   2:13 
Mark Jankowski           0  1  1  -1  0   1  1  0  0  0  8/15   15:06   0:00   2:09 
Max Pacioretty           0  1  1   1  0   2  2  0  0  0  1/1    17:02   2:22   0:12 
Michael Grabner          1  0  1  -1  0   1  0  2  0  0  0/0    12:57   0:00   0:00 
Nathan Beaulieu          0  0  0  -1  2   1  3  3  0  0  0/0    16:44   0:00   2:45 
Nathan MacKinnon         1  0  1   1  0   6  0  0  0  0  12/27  22:09   2:22   0:00 
Nino Niederreiter        0  0  0   0  0   1  1  0  0  0  0/0    16:30   0:00   0:00 
P.K. Subban              0  2  2   2  4   0  3  0  0  0  0/0    22:25   1:43   1:32 
Phillip Danault          1  0  1   0  0   6  4  0  0  0  21/40  22:45   1:36   4:39 
Roope Hintz              0  0  0   0  0   2  0  0  0  0  0/0     6:55   1:36   0:00 
Tony DeAngelo            0  0  0  -1  0   1  1  2  0  0  0/0    15:43   1:43   0:00 
Vincent Trocheck         0  0  0   1  0   2  1  0  0  0  0/1    16:50   2:22   0:00 

3 Stars

1 - Filip Forsberg (TB )
2 - Elias Lindholm (TB )
3 - Sebastian Aho (TB )

Power Play

TAMPA BAY - 2 on 4 Attempt(s) - 50.00%
MONTREAL - 0 on 2 Attempt(s) - 0.00%

Penalty Kill

TAMPA BAY - 2 on 2 Attempt(s) - 100.00% - Score 0 goal in Penalty Kill
MONTREAL - 2 on 4 Attempt(s) - 50.00% - Score 0 goal in Penalty Kill

Team Stat

TAMPA BAY - Hits : 22 - Faceoff Wins : 42 - Blocked Shots : 8 - Penalty Minutes : 4
MONTREAL - Hits : 27 - Faceoff Wins : 43 - Blocked Shots : 11 - Penalty Minutes : 8

Official

Referees : Michael Browne and Kelly Sutherland
Linesman : Derek Wahl and Kris Muchowski

Game Notes

No Game Note

Finance

Level 1 -- Attendance: 4901 (81.68%) -- Ticket Income $490,100
Level 2 -- Attendance: 4113 (82.26%) -- Ticket Income $246,780
Level 3 -- Attendance: 2000 (100.00%) -- Ticket Income $70,000
Level 4 -- Attendance: 4000 (100.00%) -- Ticket Income $80,000
Luxury Box -- Attendance: 847 (84.70%) -- Ticket Income $169,400
Game was played at the Bell Centre.
Total Attendance: 15861 (88.12%)
Total Ticket Income: $1,056,280
Total Income: $1,056,280

TAMPA BAY

5 vs 5 Forward 
   Center                   Left Wing                Right Wing               Time % Phy DF OF 
 1 Elias Lindholm           Sebastian Aho            Filip Forsberg           30     1   2  2  
 2 Mathew Barzal            Tomas Tatar              Jakob Silfverberg        28     1   2  2  
 3 Filip Chytil             Jesper Bratt             Viktor Arvidsson         26     1   2  2  
 4 Robby Fabbri             Wayne Simmonds           Jake Virtanen            16     1   2  2  

5 vs 5 Defense 
   Defense                  Defense                                           Time % Phy DF OF 
 1 Zach Werenski            John Klingberg                                    35     1   2  2  
 2 Rasmus Andersson         Nick Leddy                                        33     1   2  2  
 3 MacKenzie Weegar         Vladislav Gavrikov                                32     1   2  2  
 4 MacKenzie Weegar         Vladislav Gavrikov                                0      1   2  2  

PowerPlay Forward 
   Center                   Left Wing                Right Wing               Time % Phy DF OF 
 1 Elias Lindholm           Sebastian Aho            Filip Forsberg           60     1   1  3  
 2 Mathew Barzal            Tomas Tatar              Jakob Silfverberg        40     1   1  3  

PowerPlay Defense
   Defense                  Defense                                           Time % Phy DF OF 
 1 Zach Werenski            John Klingberg                                    60     1   2  2  
 2 Nick Leddy               MacKenzie Weegar                                  40     1   2  2  

Penalty Kill 4 Players Forward 
   Center                   Wing                     Time % Phy DF OF 
 1 Elias Lindholm           Jakob Silfverberg        60     1   3  1  
 2 Mathew Barzal            Filip Forsberg           40     1   3  1  

Penalty Kill 4 Players Defense
   Defense                  Defense                  Time % Phy DF OF 
 1 Zach Werenski            John Klingberg           60     1   3  1  
 2 Nick Leddy               Vladislav Gavrikov       40     1   3  1  

Penalty Kill - 3 Players Forward 
   Forward                                           Time % Phy DF OF 
 1 Sebastian Aho                                     60     1   3  1  
 2 Elias Lindholm                                    40     1   3  1  

Penalty Kill - 3 Players Defense
   Defense                  Defense                  Time % Phy DF OF 
 1 Zach Werenski            John Klingberg           60     1   3  1  
 2 Nick Leddy               Vladislav Gavrikov       40     1   3  1  

4 vs 4 Forward 
   Center                   Wing                     Time % Phy DF OF 
 1 Sebastian Aho            Elias Lindholm           60     1   2  2  
 2 Mathew Barzal            Filip Forsberg           40     1   2  2  

4 vs 4 Defense
   Defense                  Defense                  Time % Phy DF OF 
 1 Zach Werenski            John Klingberg           60     1   2  2  
 2 Rasmus Andersson         Nick Leddy               40     1   2  2  

Last Minutes Offensive
   Center                   Left Wing                Right Wing               Defense                  Defense                  
   Elias Lindholm           Sebastian Aho            Mathew Barzal            Zach Werenski            John Klingberg           

Last Minutes Defensive
   Center                   Left Wing                Right Wing               Defense                  Defense                  
   Elias Lindholm           Sebastian Aho            Mathew Barzal            Zach Werenski            John Klingberg           

Goaltenders
Starting : Mike Smith               
Backup : Anders Nilsson           

Extra Forwards
Normal : Tomas Tatar, Viktor Arvidsson, Jesper Bratt - PP : Viktor Arvidsson, Jake Virtanen - PK : Filip Forsberg
Extra Defensemen
Normal : MacKenzie Weegar, Vladislav Gavrikov, Nick Leddy - PP : Rasmus Andersson - PK : Rasmus Andersson, MacKenzie Weegar
Penalty Shots
Sebastian Aho, Elias Lindholm, Mathew Barzal, Filip Forsberg, Viktor Arvidsson

Scratches
Tyson Jost (Healthy), TB Cap Hit (Healthy), Casey DeSmith (Healthy)

MONTREAL

5 vs 5 Forward 
   Center                   Left Wing                Right Wing               Time % Phy DF OF 
 1 Phillip Danault          Nino Niederreiter        Alex Iafallo             34     0   2  3  
 2 Nathan MacKinnon         Max Pacioretty           Vincent Trocheck         34     0   2  3  
 3 Mark Jankowski           Michael Grabner          Joel Armia               23     1   3  1  
 4 Nathan MacKinnon         Roope Hintz              Corey Perry              9      1   2  2  

5 vs 5 Defense 
   Defense                  Defense                                           Time % Phy DF OF 
 1 P.K. Subban              Connor Murphy                                     35     1   2  2  
 2 Keith Yandle             Adam Larsson                                      30     1   2  2  
 3 Tony DeAngelo            Nathan Beaulieu                                   25     1   2  2  
 4 P.K. Subban              Connor Murphy                                     10     1   2  2  

PowerPlay Forward 
   Center                   Left Wing                Right Wing               Time % Phy DF OF 
 1 Nathan MacKinnon         Max Pacioretty           Vincent Trocheck         60     0   1  4  
 2 Phillip Danault          Roope Hintz              Alex Iafallo             40     0   1  4  

PowerPlay Defense
   Defense                  Defense                                           Time % Phy DF OF 
 1 P.K. Subban              Tony DeAngelo                                     60     0   1  4  
 2 Keith Yandle             Connor Murphy                                     40     0   1  4  

Penalty Kill 4 Players Forward 
   Center                   Wing                     Time % Phy DF OF 
 1 Phillip Danault          Brock McGinn             60     1   3  1  
 2 Mark Jankowski           Joel Armia               40     1   3  1  

Penalty Kill 4 Players Defense
   Defense                  Defense                  Time % Phy DF OF 
 1 P.K. Subban              Connor Murphy            60     1   3  1  
 2 Adam Larsson             Nathan Beaulieu          40     1   3  1  

Penalty Kill - 3 Players Forward 
   Forward                                           Time % Phy DF OF 
 1 Phillip Danault                                   60     0   4  1  
 2 Vincent Trocheck                                  40     0   4  1  

Penalty Kill - 3 Players Defense
   Defense                  Defense                  Time % Phy DF OF 
 1 P.K. Subban              Connor Murphy            60     0   5  0  
 2 Adam Larsson             Nathan Beaulieu          40     0   5  0  

4 vs 4 Forward 
   Center                   Wing                     Time % Phy DF OF 
 1 Nathan MacKinnon         Max Pacioretty           60     0   1  4  
 2 Vincent Trocheck         Michael Grabner          40     0   2  3  

4 vs 4 Defense
   Defense                  Defense                  Time % Phy DF OF 
 1 P.K. Subban              Tony DeAngelo            60     1   2  2  
 2 Keith Yandle             Connor Murphy            40     1   2  2  

Last Minutes Offensive
   Center                   Left Wing                Right Wing               Defense                  Defense                  
   Nathan MacKinnon         Max Pacioretty           Vincent Trocheck         Tony DeAngelo            P.K. Subban              

Last Minutes Defensive
   Center                   Left Wing                Right Wing               Defense                  Defense                  
   Phillip Danault          Michael Grabner          Vincent Trocheck         P.K. Subban              Connor Murphy            

Goaltenders
Starting : Robin Lehner             
Backup : Anton Khudobin           

Extra Forwards
Normal : Nathan MacKinnon, Vincent Trocheck, Max Pacioretty - PP : Nino Niederreiter, Nathan MacKinnon - PK : Brock McGinn
Extra Defensemen
Normal : Tony DeAngelo, Nathan Beaulieu, Adam Larsson - PP : Tony DeAngelo - PK : Nathan Beaulieu, Adam Larsson
Penalty Shots
Nathan MacKinnon, Max Pacioretty, Vincent Trocheck, Roope Hintz, Nino Niederreiter

Scratches
MTL Cap Hit (Suspend), Jacob de La Rose (Healthy), Sonny Milano (Healthy)

% Time on Ice - TAMPA BAY

Lines # - Real PCT - Wanted PCT - Time Play
Normal Forward
1 - 30% - 30% - 14:56
2 - 28% - 28% - 13:41
3 - 26% - 26% - 12:53
4 - 16% - 16% - 7:44
Normal Defense
1 - 34% - 35% - 16:59
2 - 32% - 33% - 15:51
3 - 32% - 32% - 15:51
4 - 1% - 0% - 0:33
PP Forward
1 - 50% - 60% - 3:22
2 - 50% - 40% - 3:26
PP Defense
1 - 48% - 60% - 3:16
2 - 52% - 40% - 3:32
PK Forward
1 - 82% - 60% - 3:15
2 - 18% - 40% - 0:43
PK Defense
1 - 63% - 60% - 2:29
2 - 37% - 40% - 1:29
PK3 Forward
1 - 0% - 60%
2 - 0% - 40%
PK3 Defense
1 - 0% - 60%
2 - 0% - 40%
44 Forward
1 - 0% - 60%
2 - 0% - 40%
44 Defense
1 - 0% - 60%
2 - 0% - 40%
Last Minute Offensive  - 0:00
Last Minute Defensive  - 0:00
Total
Forward - 60:00
Defense - 60:00

% Time on Ice - MONTREAL

Lines # - Real PCT - Wanted PCT - Time Play
Normal Forward
1 - 34% - 34% - 16:30
2 - 29% - 34% - 14:28
3 - 26% - 23% - 12:57
4 - 11% - 9% - 5:19
Normal Defense
1 - 33% - 35% - 16:10
2 - 33% - 30% - 16:02
3 - 28% - 25% - 14:00
4 - 6% - 10% - 3:02
PP Forward
1 - 60% - 60% - 2:22
2 - 40% - 40% - 1:36
PP Defense
1 - 43% - 60% - 1:43
2 - 57% - 40% - 2:15
PK Forward
1 - 68% - 60% - 4:39
2 - 32% - 40% - 2:09
PK Defense
1 - 69% - 60% - 4:42
2 - 31% - 40% - 2:06
PK3 Forward
1 - 0% - 60%
2 - 0% - 40%
PK3 Defense
1 - 0% - 60%
2 - 0% - 40%
44 Forward
1 - 0% - 60%
2 - 0% - 40%
44 Defense
1 - 0% - 60%
2 - 0% - 40%
Last Minute Offensive  - 0:00
Last Minute Defensive  - 0:00
Total
Forward - 60:00
Defense - 60:00

Play-by-Play

1st period


0:01 of 1st period - Elias Lindholm wins face-off versus Phillip Danault in neutral zone.
0:09 of 1st period - Icing by P.K. Subban.
0:10 of 1st period - Mathew Barzal wins face-off versus Phillip Danault in MONTREAL zone.
0:17 of 1st period - Shot by Jakob Silfverberg.
0:17 of 1st period - Shot Blocked by Connor Murphy.
0:21 of 1st period - Shot by Tomas Tatar.
0:21 of 1st period - Stopped by Robin Lehner without a rebound.
0:22 of 1st period - Nathan MacKinnon wins face-off versus Filip Chytil in MONTREAL zone.
1:00 of 1st period - Filip Chytil is hit by Adam Larsson and loses puck.
1:10 of 1st period - Icing by Vincent Trocheck.
1:11 of 1st period - Elias Lindholm wins face-off versus Nathan MacKinnon in MONTREAL zone.
1:12 of 1st period - Shot by Sebastian Aho.
1:12 of 1st period - Stopped by Robin Lehner without a rebound.
1:13 of 1st period - Mark Jankowski wins face-off versus Elias Lindholm in MONTREAL zone.
1:22 of 1st period - Shot by John Klingberg.
1:22 of 1st period - Stopped by Robin Lehner without a rebound.
1:23 of 1st period - Phillip Danault wins face-off versus Mathew Barzal in MONTREAL zone.
1:32 of 1st period - Shot by P.K. Subban.
1:32 of 1st period - Shot Misses the Net.
1:50 of 1st period - Shot by Phillip Danault.
1:50 of 1st period - Shot Misses the Net.
1:52 of 1st period - Shot by Alex Iafallo.
1:52 of 1st period - Shot Misses the Net.
2:42 of 1st period - Shot by Joel Armia.
2:42 of 1st period - Stopped by Mike Smith without a rebound.
2:43 of 1st period - Elias Lindholm wins face-off versus Nathan MacKinnon in TAMPA BAY zone.
2:47 of 1st period - Off-side.
2:48 of 1st period - Elias Lindholm wins face-off versus Nathan MacKinnon in neutral zone.
3:30 of 1st period - Shot by Elias Lindholm.
3:30 of 1st period - Shot Misses the Net.
3:52 of 1st period - Shot by Wayne Simmonds.
3:52 of 1st period - Deflect By Jake Virtanen.
3:52 of 1st period - Shot Misses the Net.
3:54 of 1st period - Shot by Vladislav Gavrikov.
3:54 of 1st period - Shot Blocked by Adam Larsson.
4:02 of 1st period - Shot by Wayne Simmonds.
4:02 of 1st period - Stopped by Robin Lehner without a rebound.
4:03 of 1st period - Filip Chytil wins face-off versus Phillip Danault in MONTREAL zone.
4:11 of 1st period - Viktor Arvidsson is hit by P.K. Subban and loses puck.
4:29 of 1st period - Icing by Jesper Bratt.
4:30 of 1st period - Filip Chytil wins face-off versus Mark Jankowski in TAMPA BAY zone.
5:20 of 1st period - Shot by Jake Virtanen.
5:20 of 1st period - Shot Blocked by Nathan Beaulieu.
5:22 of 1st period - Shot by John Klingberg.
5:22 of 1st period - Stopped by Robin Lehner without a rebound.
5:23 of 1st period - Elias Lindholm wins face-off versus Phillip Danault in MONTREAL zone.
5:25 of 1st period - Filip Forsberg is hit by P.K. Subban and loses puck.
5:36 of 1st period - Shot by Phillip Danault.
5:36 of 1st period - Shot Misses the Net.
5:40 of 1st period - Shot by Nino Niederreiter.
5:40 of 1st period - Shot Blocked by Filip Forsberg.
5:42 of 1st period - Shot by Alex Iafallo.
5:42 of 1st period - Stopped by Mike Smith without a rebound.
5:43 of 1st period - Mathew Barzal wins face-off versus Nathan MacKinnon in TAMPA BAY zone.
5:45 of 1st period - Icing by Zach Werenski.
5:46 of 1st period - Max Pacioretty wins face-off versus Mathew Barzal in TAMPA BAY zone.
5:46 of 1st period - Max Pacioretty is hit by Zach Werenski.
6:06 of 1st period - Shot by Nathan MacKinnon.
6:06 of 1st period - Stopped by Mike Smith without a rebound.
6:07 of 1st period - Elias Lindholm wins face-off versus Phillip Danault in TAMPA BAY zone.
6:07 of 1st period - Elias Lindholm is hit by Alex Iafallo.
6:19 of 1st period - Alex Iafallo is hit by Elias Lindholm and loses puck.
6:26 of 1st period - Shot by Filip Forsberg.
6:26 of 1st period - Stopped by Robin Lehner with a rebound.
6:30 of 1st period - Shot by Sebastian Aho.
6:30 of 1st period - Stopped by Robin Lehner without a rebound.
6:31 of 1st period - Filip Chytil wins face-off versus Nathan MacKinnon in MONTREAL zone.
6:31 of 1st period - Jesper Bratt is hit by P.K. Subban and loses puck.
6:47 of 1st period - Nathan MacKinnon is hit by Zach Werenski and loses puck.
6:56 of 1st period - Shot by Nathan MacKinnon.
6:56 of 1st period - Shot Misses the Net.
6:58 of 1st period - Shot by Nathan MacKinnon.
6:58 of 1st period - Goal by Nathan MacKinnon - TAMPA BAY : 0 - MONTREAL : 1.
6:59 of 1st period - Elias Lindholm wins face-off versus Phillip Danault in neutral zone.
7:34 of 1st period - Shot by Alex Iafallo.
7:34 of 1st period - Stopped by Mike Smith without a rebound.
7:35 of 1st period - Nathan MacKinnon wins face-off versus Mathew Barzal in TAMPA BAY zone.
7:40 of 1st period - Shot by Nathan MacKinnon.
7:40 of 1st period - Deflect By Vincent Trocheck.
7:40 of 1st period - Stopped by Mike Smith with a rebound.
8:10 of 1st period - Shot by Nathan MacKinnon.
8:10 of 1st period - Shot Misses the Net.
8:40 of 1st period - Shot by Wayne Simmonds.
8:40 of 1st period - Stopped by Robin Lehner without a rebound.
8:41 of 1st period - Filip Chytil wins face-off versus Mark Jankowski in MONTREAL zone.
8:48 of 1st period - Shot by Filip Chytil.
8:48 of 1st period - Shot Blocked by Michael Grabner.
9:28 of 1st period - MacKenzie Weegar is hit by Alex Iafallo and loses puck.
10:00 of 1st period - Phillip Danault is hit by MacKenzie Weegar and loses puck.
11:26 of 1st period - Shot by Tomas Tatar.
11:26 of 1st period - Deflect By Jakob Silfverberg.
11:26 of 1st period - Shot Blocked by Nathan Beaulieu.
11:28 of 1st period - Shot by Jakob Silfverberg.
11:28 of 1st period - Stopped by Robin Lehner without a rebound.
11:29 of 1st period - Phillip Danault wins face-off versus Robby Fabbri in MONTREAL zone.
11:45 of 1st period - Phillip Danault is hit by Rasmus Andersson and loses puck.
11:50 of 1st period - Shot by Alex Iafallo.
11:50 of 1st period - Stopped by Mike Smith without a rebound.
11:51 of 1st period - Nathan MacKinnon wins face-off versus Mathew Barzal in TAMPA BAY zone.
12:24 of 1st period - Shot by Nathan MacKinnon.
12:24 of 1st period - Stopped by Mike Smith without a rebound.
12:25 of 1st period - Phillip Danault wins face-off versus Elias Lindholm in TAMPA BAY zone.
12:38 of 1st period - Shot by Alex Iafallo.
12:38 of 1st period - Deflect By Phillip Danault.
12:38 of 1st period - Shot Misses the Net.
12:40 of 1st period - Shot by Nathan Beaulieu.
12:40 of 1st period - Stopped by Mike Smith without a rebound.
12:41 of 1st period - Robby Fabbri wins face-off versus Mark Jankowski in TAMPA BAY zone.
13:13 of 1st period - Shot by Robby Fabbri.
13:13 of 1st period - Goal by Robby Fabbri - TAMPA BAY : 1 - MONTREAL : 1.
13:14 of 1st period - Elias Lindholm wins face-off versus Vincent Trocheck in neutral zone.
13:24 of 1st period - Minor Penalty to P.K. Subban for Tripping.
13:25 of 1st period - Mathew Barzal wins face-off versus Phillip Danault in MONTREAL zone.
13:45 of 1st period - Icing by John Klingberg.
13:46 of 1st period - Phillip Danault wins face-off versus Mathew Barzal in TAMPA BAY zone.
14:03 of 1st period - Tomas Tatar is hit by Phillip Danault and loses puck.
14:35 of 1st period - Icing by Elias Lindholm.
14:36 of 1st period - Mark Jankowski wins face-off versus Elias Lindholm in TAMPA BAY zone.
14:36 of 1st period - Joel Armia is hit by Nick Leddy and loses puck.
14:59 of 1st period - Shot by Filip Forsberg.
14:59 of 1st period - Goal by Filip Forsberg - TAMPA BAY : 2 - MONTREAL : 1.
15:00 of 1st period - Nathan MacKinnon wins face-off versus Filip Chytil in neutral zone.
15:15 of 1st period - Shot by John Klingberg.
15:15 of 1st period - Stopped by Robin Lehner with a rebound.
15:53 of 1st period - Joel Armia is hit by Viktor Arvidsson and loses puck.
16:08 of 1st period - Minor Penalty to Joel Armia for Tripping.
16:09 of 1st period - Phillip Danault wins face-off versus Elias Lindholm in MONTREAL zone.
17:21 of 1st period - Shot by Zach Werenski.
17:21 of 1st period - Shot Misses the Net.
17:23 of 1st period - Shot by Rasmus Andersson.
17:23 of 1st period - Goal by Rasmus Andersson - TAMPA BAY : 3 - MONTREAL : 1.
17:24 of 1st period - Nathan MacKinnon wins face-off versus Robby Fabbri in neutral zone.
17:47 of 1st period - Shot by Max Pacioretty.
17:47 of 1st period - Stopped by Mike Smith without a rebound.
17:48 of 1st period - Phillip Danault wins face-off versus Mathew Barzal in TAMPA BAY zone.
17:53 of 1st period - Shot by Nino Niederreiter.
17:53 of 1st period - Stopped by Mike Smith with a rebound.
17:57 of 1st period - Shot by Phillip Danault.
17:57 of 1st period - Stopped by Mike Smith without a rebound.
17:58 of 1st period - Elias Lindholm wins face-off versus Nathan MacKinnon in TAMPA BAY zone.
18:20 of 1st period - Nathan MacKinnon is hit by Nick Leddy and loses puck.
18:23 of 1st period - Shot by Connor Murphy.
18:23 of 1st period - Shot Misses the Net.
18:25 of 1st period - Shot by Corey Perry.
18:25 of 1st period - Stopped by Mike Smith without a rebound.
18:26 of 1st period - Mathew Barzal wins face-off versus Phillip Danault in TAMPA BAY zone.
18:26 of 1st period - Mathew Barzal is hit by Phillip Danault.
18:44 of 1st period - Shot by Mathew Barzal.
18:44 of 1st period - Deflect By Tomas Tatar.
18:44 of 1st period - Shot Blocked by Nathan Beaulieu.
Goals for this period are 3 for TAMPA BAY vs 1 for MONTREAL.
Shots for this period are 13 for TAMPA BAY vs 13 for MONTREAL.

2nd period


0:01 of 2nd period - Phillip Danault wins face-off versus Elias Lindholm in neutral zone.
0:18 of 2nd period - Shot by Phillip Danault.
0:18 of 2nd period - Stopped by Mike Smith without a rebound.
0:19 of 2nd period - Mathew Barzal wins face-off versus Nathan MacKinnon in TAMPA BAY zone.
0:29 of 2nd period - Minor Penalty to Mathew Barzal for Holding.
0:30 of 2nd period - Elias Lindholm wins face-off versus Phillip Danault in TAMPA BAY zone.
0:36 of 2nd period - Icing by Tony DeAngelo.
0:37 of 2nd period - Phillip Danault wins face-off versus Elias Lindholm in MONTREAL zone.
0:54 of 2nd period - Shot by Phillip Danault.
0:54 of 2nd period - Deflect By Roope Hintz.
0:54 of 2nd period - Stopped by Mike Smith without a rebound.
0:55 of 2nd period - Nathan MacKinnon wins face-off versus Elias Lindholm in TAMPA BAY zone.
1:22 of 2nd period - Shot by Keith Yandle.
1:22 of 2nd period - Shot Misses the Net.
2:46 of 2nd period - Nick Leddy is hit by Nathan Beaulieu.
2:48 of 2nd period - Shot by Jesper Bratt.
2:48 of 2nd period - Shot Blocked by Tony DeAngelo.
2:49 of 2nd period - Minor Penalty to Nathan Beaulieu for Hooking.
2:50 of 2nd period - Phillip Danault wins face-off versus Viktor Arvidsson in MONTREAL zone.
3:09 of 2nd period - Shot by Viktor Arvidsson.
3:09 of 2nd period - Stopped by Robin Lehner without a rebound.
3:10 of 2nd period - Mathew Barzal wins face-off versus Phillip Danault in MONTREAL zone.
3:11 of 2nd period - Shot by Tomas Tatar.
3:11 of 2nd period - Stopped by Robin Lehner without a rebound.
3:12 of 2nd period - Phillip Danault wins face-off versus Mathew Barzal in MONTREAL zone.
4:39 of 2nd period - Shot by Zach Werenski.
4:39 of 2nd period - Shot Misses the Net.
4:41 of 2nd period - Shot by Sebastian Aho.
4:41 of 2nd period - Shot Misses the Net.
4:49 of 2nd period - Connor Murphy is hit by Viktor Arvidsson and loses puck.
4:56 of 2nd period - Shot by Viktor Arvidsson.
4:56 of 2nd period - Shot Blocked by Tony DeAngelo.
4:58 of 2nd period - Shot by Vladislav Gavrikov.
4:58 of 2nd period - Shot Misses the Net.
5:34 of 2nd period - Shot by Wayne Simmonds.
5:34 of 2nd period - Stopped by Robin Lehner without a rebound.
5:35 of 2nd period - Mark Jankowski wins face-off versus Wayne Simmonds in MONTREAL zone.
6:05 of 2nd period - Shot by Michael Grabner.
6:05 of 2nd period - Goal by Michael Grabner - TAMPA BAY : 3 - MONTREAL : 2.
6:06 of 2nd period - Phillip Danault wins face-off versus Elias Lindholm in neutral zone.
6:09 of 2nd period - Shot by Phillip Danault.
6:09 of 2nd period - Stopped by Mike Smith without a rebound.
6:10 of 2nd period - Elias Lindholm wins face-off versus Phillip Danault in TAMPA BAY zone.
6:10 of 2nd period - Elias Lindholm is hit by Phillip Danault.
6:33 of 2nd period - Off-side.
6:34 of 2nd period - Nathan MacKinnon wins face-off versus Mathew Barzal in neutral zone.
6:51 of 2nd period - Shot by Mathew Barzal.
6:51 of 2nd period - Stopped by Robin Lehner without a rebound.
6:52 of 2nd period - Phillip Danault wins face-off versus Elias Lindholm in MONTREAL zone.
6:52 of 2nd period - Nino Niederreiter is hit by Filip Forsberg and loses puck.
7:14 of 2nd period - Shot by Sebastian Aho.
7:14 of 2nd period - Shot Misses the Net.
7:17 of 2nd period - Icing by Phillip Danault.
7:18 of 2nd period - Mathew Barzal wins face-off versus Phillip Danault in MONTREAL zone.
7:18 of 2nd period - Tomas Tatar is hit by Adam Larsson and loses puck.
7:33 of 2nd period - Shot by Mathew Barzal.
7:33 of 2nd period - Stopped by Robin Lehner with a rebound.
7:36 of 2nd period - Icing by Phillip Danault.
7:37 of 2nd period - Phillip Danault wins face-off versus Filip Chytil in MONTREAL zone.
8:07 of 2nd period - Max Pacioretty is hit by John Klingberg and loses puck.
8:22 of 2nd period - Shot by Nathan MacKinnon.
8:22 of 2nd period - Shot Misses the Net.
8:24 of 2nd period - Shot by Connor Murphy.
8:24 of 2nd period - Stopped by Mike Smith without a rebound.
8:25 of 2nd period - Mark Jankowski wins face-off versus Sebastian Aho in TAMPA BAY zone.
8:44 of 2nd period - Shot by Filip Forsberg.
8:44 of 2nd period - Goal by Filip Forsberg - TAMPA BAY : 4 - MONTREAL : 2.
8:45 of 2nd period - Nathan MacKinnon wins face-off versus Mathew Barzal in neutral zone.
8:45 of 2nd period - Connor Murphy is hit by Mathew Barzal.
8:50 of 2nd period - Nathan MacKinnon is hit by MacKenzie Weegar and loses puck.
9:07 of 2nd period - Shot by Corey Perry.
9:07 of 2nd period - Shot Misses the Net.
9:15 of 2nd period - Shot by Nathan MacKinnon.
9:15 of 2nd period - Shot Misses the Net.
9:17 of 2nd period - Shot by Nathan MacKinnon.
9:17 of 2nd period - Shot Blocked by Jakob Silfverberg.
10:10 of 2nd period - Nino Niederreiter is hit by Nick Leddy and loses puck.
10:30 of 2nd period - Icing by Nathan Beaulieu.
10:31 of 2nd period - Joel Armia wins face-off versus Robby Fabbri in MONTREAL zone.
10:36 of 2nd period - Zach Werenski is hit by Joel Armia and loses puck.
11:36 of 2nd period - Vincent Trocheck is hit by Vladislav Gavrikov and loses puck.
12:18 of 2nd period - Icing by Tomas Tatar.
12:19 of 2nd period - Phillip Danault wins face-off versus Mathew Barzal in TAMPA BAY zone.
12:30 of 2nd period - Keith Yandle is hit by Tomas Tatar and loses puck.
12:57 of 2nd period - Shot by Phillip Danault.
12:57 of 2nd period - Stopped by Mike Smith without a rebound.
12:58 of 2nd period - Mark Jankowski wins face-off versus Elias Lindholm in TAMPA BAY zone.
13:35 of 2nd period - Shot by Elias Lindholm.
13:35 of 2nd period - Stopped by Robin Lehner without a rebound.
13:36 of 2nd period - Filip Chytil wins face-off versus Nathan MacKinnon in MONTREAL zone.
13:38 of 2nd period - Jesper Bratt is hit by Connor Murphy and loses puck.
13:39 of 2nd period - Minor Penalty to P.K. Subban for Cross-checking.
13:40 of 2nd period - Phillip Danault wins face-off versus Mathew Barzal in MONTREAL zone.
14:41 of 2nd period - Icing by Elias Lindholm.
14:42 of 2nd period - Phillip Danault wins face-off versus Sebastian Aho in TAMPA BAY zone.
14:55 of 2nd period - Shot by John Klingberg.
14:55 of 2nd period - Shot Misses the Net.
15:21 of 2nd period - Shot by Elias Lindholm.
15:21 of 2nd period - Stopped by Robin Lehner without a rebound.
15:22 of 2nd period - Mark Jankowski wins face-off versus Mathew Barzal in MONTREAL zone.
15:51 of 2nd period - Shot by Rasmus Andersson.
15:51 of 2nd period - Shot Blocked by Adam Larsson.
16:56 of 2nd period - Shot by Jake Virtanen.
16:56 of 2nd period - Stopped by Robin Lehner without a rebound.
16:57 of 2nd period - Elias Lindholm wins face-off versus Phillip Danault in MONTREAL zone.
18:01 of 2nd period - John Klingberg is hit by Tony DeAngelo and loses puck.
18:36 of 2nd period - Shot by Mark Jankowski.
18:36 of 2nd period - Stopped by Mike Smith with a rebound.
18:38 of 2nd period - Shot by Joel Armia.
18:38 of 2nd period - Shot Misses the Net.
18:52 of 2nd period - Shot by Keith Yandle.
18:52 of 2nd period - Shot Misses the Net.
19:06 of 2nd period - Shot by Max Pacioretty.
19:06 of 2nd period - Deflect By Nathan MacKinnon.
19:06 of 2nd period - Stopped by Mike Smith without a rebound.
19:07 of 2nd period - Phillip Danault wins face-off versus Filip Chytil in TAMPA BAY zone.
19:12 of 2nd period - Shot by Alex Iafallo.
19:12 of 2nd period - Stopped by Mike Smith without a rebound.
19:13 of 2nd period - Viktor Arvidsson wins face-off versus Phillip Danault in TAMPA BAY zone.
19:38 of 2nd period - Icing by P.K. Subban.
19:39 of 2nd period - Elias Lindholm wins face-off versus Phillip Danault in MONTREAL zone.
Goals for this period are 1 for TAMPA BAY vs 1 for MONTREAL.
Shots for this period are 9 for TAMPA BAY vs 9 for MONTREAL.

3rd period


0:01 of 3rd period - Elias Lindholm wins face-off versus Nathan MacKinnon in neutral zone.
0:29 of 3rd period - Shot by Sebastian Aho.
0:29 of 3rd period - Shot Misses the Net.
1:24 of 3rd period - Tomas Tatar is hit by Phillip Danault.
2:13 of 3rd period - Shot by Viktor Arvidsson.
2:13 of 3rd period - Shot Blocked by Michael Grabner.
2:15 of 3rd period - Shot by Jesper Bratt.
2:15 of 3rd period - Stopped by Robin Lehner without a rebound.
2:16 of 3rd period - Robby Fabbri wins face-off versus Nathan MacKinnon in MONTREAL zone.
2:26 of 3rd period - Off-side.
2:27 of 3rd period - Nathan MacKinnon wins face-off versus Elias Lindholm in neutral zone.
2:48 of 3rd period - Shot by Roope Hintz.
2:48 of 3rd period - Shot Misses the Net.
2:50 of 3rd period - Shot by Roope Hintz.
2:50 of 3rd period - Stopped by Mike Smith without a rebound.
2:51 of 3rd period - Phillip Danault wins face-off versus Mathew Barzal in TAMPA BAY zone.
2:58 of 3rd period - Shot by Alex Iafallo.
2:58 of 3rd period - Shot Misses the Net.
3:04 of 3rd period - Shot by Mathew Barzal.
3:04 of 3rd period - Shot Misses the Net.
3:30 of 3rd period - Shot by Jakob Silfverberg.
3:30 of 3rd period - Shot Misses the Net.
3:54 of 3rd period - Shot by Elias Lindholm.
3:54 of 3rd period - Shot Misses the Net.
3:56 of 3rd period - Shot by Sebastian Aho.
3:56 of 3rd period - Shot Misses the Net.
3:58 of 3rd period - Shot by Elias Lindholm.
3:58 of 3rd period - Shot Misses the Net.
4:00 of 3rd period - Shot by Zach Werenski.
4:00 of 3rd period - Shot Blocked by Adam Larsson.
4:08 of 3rd period - Shot by Elias Lindholm.
4:08 of 3rd period - Stopped by Robin Lehner without a rebound.
4:09 of 3rd period - Nathan MacKinnon wins face-off versus Filip Chytil in MONTREAL zone.
4:09 of 3rd period - Nathan MacKinnon is hit by Jesper Bratt.
4:22 of 3rd period - Nathan MacKinnon is hit by Nick Leddy and loses puck.
4:26 of 3rd period - Icing by Rasmus Andersson.
4:27 of 3rd period - Mark Jankowski wins face-off versus Filip Chytil in TAMPA BAY zone.
4:38 of 3rd period - Shot by Joel Armia.
4:38 of 3rd period - Shot Blocked by Rasmus Andersson.
4:48 of 3rd period - Joel Armia is hit by Jesper Bratt and loses puck.
5:39 of 3rd period - Shot by Nathan MacKinnon.
5:39 of 3rd period - Shot Misses the Net.
5:41 of 3rd period - Shot by Connor Murphy.
5:41 of 3rd period - Shot Blocked by Zach Werenski.
5:43 of 3rd period - Shot by Max Pacioretty.
5:43 of 3rd period - Stopped by Mike Smith without a rebound.
5:44 of 3rd period - Nathan MacKinnon wins face-off versus Mathew Barzal in TAMPA BAY zone.
6:05 of 3rd period - Shot by Vladislav Gavrikov.
6:05 of 3rd period - Shot Misses the Net.
6:09 of 3rd period - Shot by Mathew Barzal.
6:09 of 3rd period - Stopped by Robin Lehner without a rebound.
6:10 of 3rd period - Phillip Danault wins face-off versus Robby Fabbri in MONTREAL zone.
6:12 of 3rd period - Icing by Alex Iafallo.
6:13 of 3rd period - Elias Lindholm wins face-off versus Phillip Danault in MONTREAL zone.
6:36 of 3rd period - Shot by Phillip Danault.
6:36 of 3rd period - Deflect By Nino Niederreiter.
6:36 of 3rd period - Shot Misses the Net.
6:50 of 3rd period - Shot by Elias Lindholm.
6:50 of 3rd period - Goal by Elias Lindholm - TAMPA BAY : 5 - MONTREAL : 2.
6:51 of 3rd period - Mathew Barzal wins face-off versus Nathan MacKinnon in neutral zone.
6:53 of 3rd period - Tomas Tatar is hit by Adam Larsson and loses puck.
7:04 of 3rd period - Jakob Silfverberg is hit by Vincent Trocheck and loses puck.
7:15 of 3rd period - Shot by Nathan MacKinnon.
7:15 of 3rd period - Shot Misses the Net.
7:17 of 3rd period - Shot by Adam Larsson.
7:17 of 3rd period - Shot Blocked by Nick Leddy.
7:29 of 3rd period - Shot by Max Pacioretty.
7:29 of 3rd period - Shot Misses the Net.
7:31 of 3rd period - Shot by Keith Yandle.
7:31 of 3rd period - Shot Blocked by Nick Leddy.
7:33 of 3rd period - Shot by Nathan MacKinnon.
7:33 of 3rd period - Shot Blocked by Rasmus Andersson.
7:54 of 3rd period - Icing by Rasmus Andersson.
7:55 of 3rd period - Tomas Tatar wins face-off versus Phillip Danault in TAMPA BAY zone.
7:57 of 3rd period - Rasmus Andersson is hit by Alex Iafallo and loses puck.
8:30 of 3rd period - Shot by Phillip Danault.
8:30 of 3rd period - Goal by Phillip Danault - TAMPA BAY : 5 - MONTREAL : 3.
8:31 of 3rd period - Viktor Arvidsson wins face-off versus Mark Jankowski in neutral zone.
8:36 of 3rd period - Shot by Jesper Bratt.
8:36 of 3rd period - Shot Misses the Net.
9:27 of 3rd period - Michael Grabner is hit by Sebastian Aho and loses puck.
9:41 of 3rd period - Filip Forsberg is hit by Nathan Beaulieu and loses puck.
10:32 of 3rd period - Wayne Simmonds is hit by Max Pacioretty and loses puck.
10:37 of 3rd period - Shot by Vincent Trocheck.
10:37 of 3rd period - Stopped by Mike Smith without a rebound.
10:38 of 3rd period - Mathew Barzal wins face-off versus Phillip Danault in TAMPA BAY zone.
10:38 of 3rd period - Mathew Barzal is hit by Nino Niederreiter.
10:56 of 3rd period - Shot by Jakob Silfverberg.
10:56 of 3rd period - Shot Misses the Net.
11:07 of 3rd period - Mathew Barzal is hit by Adam Larsson and loses puck.
11:12 of 3rd period - Shot by Tomas Tatar.
11:12 of 3rd period - Stopped by Robin Lehner without a rebound.
11:13 of 3rd period - Sebastian Aho wins face-off versus Nathan MacKinnon in MONTREAL zone.
11:13 of 3rd period - Elias Lindholm is hit by Connor Murphy and loses puck.
11:35 of 3rd period - Shot by Sebastian Aho.
11:35 of 3rd period - Stopped by Robin Lehner without a rebound.
11:36 of 3rd period - Filip Chytil wins face-off versus Nathan MacKinnon in MONTREAL zone.
11:51 of 3rd period - Shot by Nathan MacKinnon.
11:51 of 3rd period - Shot Blocked by Rasmus Andersson.
11:59 of 3rd period - Shot by Nathan MacKinnon.
11:59 of 3rd period - Stopped by Mike Smith without a rebound.
12:00 of 3rd period - Elias Lindholm wins face-off versus Phillip Danault in TAMPA BAY zone.
12:06 of 3rd period - Icing by MacKenzie Weegar.
12:07 of 3rd period - Phillip Danault wins face-off versus Sebastian Aho in TAMPA BAY zone.
12:12 of 3rd period - Shot by Phillip Danault.
12:12 of 3rd period - Stopped by Mike Smith with a rebound.
13:53 of 3rd period - John Klingberg is hit by Adam Larsson and loses puck.
14:27 of 3rd period - Icing by Max Pacioretty.
14:28 of 3rd period - Nathan MacKinnon wins face-off versus Robby Fabbri in MONTREAL zone.
14:36 of 3rd period - Icing by Wayne Simmonds.
14:37 of 3rd period - Robby Fabbri wins face-off versus Mark Jankowski in TAMPA BAY zone.
15:09 of 3rd period - Icing by Jake Virtanen.
15:10 of 3rd period - Robby Fabbri wins face-off versus Nathan MacKinnon in TAMPA BAY zone.
15:16 of 3rd period - Minor Penalty to MacKenzie Weegar for Holding.
15:17 of 3rd period - Elias Lindholm wins face-off versus Nathan MacKinnon in TAMPA BAY zone.
15:17 of 3rd period - Elias Lindholm is hit by Max Pacioretty.
15:52 of 3rd period - Nathan MacKinnon is hit by Vladislav Gavrikov and loses puck.
16:59 of 3rd period - Shot by Nathan MacKinnon.
16:59 of 3rd period - Shot Misses the Net.
17:01 of 3rd period - Shot by Tony DeAngelo.
17:01 of 3rd period - Stopped by Mike Smith without a rebound.
17:02 of 3rd period - Phillip Danault wins face-off versus Robby Fabbri in TAMPA BAY zone.
17:21 of 3rd period - Shot by Keith Yandle.
17:21 of 3rd period - Stopped by Mike Smith without a rebound.
17:22 of 3rd period - Filip Chytil wins face-off versus Mark Jankowski in TAMPA BAY zone.
17:22 of 3rd period - Filip Chytil is hit by Mark Jankowski.
17:27 of 3rd period - Off-side.
17:28 of 3rd period - Mark Jankowski wins face-off versus Viktor Arvidsson in neutral zone.
17:40 of 3rd period - Michael Grabner is hit by Viktor Arvidsson.
17:41 of 3rd period - Icing by Michael Grabner.
17:42 of 3rd period - Mathew Barzal wins face-off versus Mark Jankowski in MONTREAL zone.
17:42 of 3rd period - Mathew Barzal is hit by Nathan Beaulieu.
17:48 of 3rd period - Shot by Jakob Silfverberg.
17:48 of 3rd period - Stopped by Robin Lehner with a rebound.
18:42 of 3rd period - Shot by Nathan MacKinnon.
18:42 of 3rd period - Stopped by Mike Smith with a rebound.
18:54 of 3rd period - Shot by Wayne Simmonds.
18:54 of 3rd period - Shot Misses the Net.
18:56 of 3rd period - Shot by MacKenzie Weegar.
18:56 of 3rd period - Shot Misses the Net.
18:58 of 3rd period - Shot by Vladislav Gavrikov.
18:58 of 3rd period - Shot Misses the Net.
19:42 of 3rd period - Shot by Alex Iafallo.
19:42 of 3rd period - Shot Misses the Net.
Goals for this period are 1 for TAMPA BAY vs 1 for MONTREAL.
Shots for this period are 7 for TAMPA BAY vs 9 for MONTREAL.